 Dungeon Crawl Stone Soup version 0.21-a0-368-g45f8505 (webtiles) character file.

9792 Drevant the Fighter (level 11, -4/104 HPs)
             Began as a Hill Orc Monk on Oct 14, 2017.
             Was a Priest of Beogh.
             Succumbed to a queen ant's poison
             ... on level 9 of the Dungeon.
             The game lasted 00:38:52 (14197 turns).

Drevant the Fighter (Hill Orc Monk)                Turns: 14197, Time: 00:38:53

Health: -4/104     AC: 14    Str: 18    XL:     11   Next: 52%
Magic:  16/16      EV:  9    Int: 10    God:    Beogh [***...]
Gold:   501        SH:  0    Dex: 18    Spells: 10/10 levels left

rFire    + + .     SeeInvis .   J - +10 long sword "Jusee" {flame, MR- Dex+5 Stlth+}
rCold    + + .     Gourm    .   (no shield)
rNeg     + . .     Faith    .   o - +0 chain mail
rPois    +         Spirit   .   N - +2 hat
rElec    +         Reflect  .   C - scarf {rC+ rF+}
rCorr    +         Harm     .   x - +0 pair of gloves
MR       .....                  (no boots)
Stlth    ..........             (no amulet)
HPRegen  0.27/turn              v - ring of positive energy
MPRegen  0.15/turn              (no ring)

@: lethally poisoned (-4 -> -139), resistant
A: talons 1, poison resistance
a: Smiting, Renounce Religion


You were on level 9 of the Dungeon.
You worshipped Beogh.
Beogh was most pleased with you.
You were not hungry.

You visited 1 branch of the dungeon, and saw 9 of its levels.

You collected 501 gold pieces.

Inventory:

Hand Weapons
 a - a +0 hand axe
 p - a +0 hunting sling
 u - the +8 dagger "Xelu" {venom, rPois rN+ Dex-5}
   (You found it on level 4 of the Dungeon)

   It poisons the flesh of those it strikes.
   It affects your dexterity (-5).
   It protects you from poison.
   It protects you from negative energy.
 J - the +10 long sword "Jusee" (weapon) {flame, MR- Dex+5 Stlth+}
   (You found it on level 8 of the Dungeon)

   It has been specially enchanted to burn those struck by it, causing extra
   injury to most foes and up to half again as much damage against particularly
   susceptible opponents.
   Big, fiery blades are also staple armaments of hydra-hunters.
   It affects your dexterity (+5).
   It affects your resistance to hostile enchantments.
   It makes you more stealthy.
Missiles
 q - 247 stones (quivered)
Armour
 b - a +0 robe
 g - a +0 ring mail
 k - a +0 scale mail
 m - a +0 helmet
 n - a +0 cloak
 o - a +0 chain mail (worn)
 x - a +0 pair of gloves (worn)
 C - a scarf of resistance (worn)
 N - a +2 hat (worn)
Jewellery
 v - a ring of positive energy (left hand)
Wands
 f - a wand of iceblast (0/15)
 i - a wand of polymorph (11/24)
 F - a wand of acid (0/15)
 L - a wand of disintegration (5/24)
Scrolls
 e - a scroll of fog {unknown}
 j - a scroll of recharging
 l - 3 scrolls of remove curse
 r - 2 scrolls of teleportation {unknown}
 s - a scroll of blinking {unknown}
 t - a scroll of noise {unknown}
 w - a scroll of fear {unknown}
 y - 7 scrolls of identify
 z - a scroll of silence {unknown}
 P - a scroll of enchant armour
 Q - 3 scrolls of holy word
Potions
 h - 4 potions of cancellation
 A - 2 potions of degeneration
 B - a potion of resistance
 H - a potion of lignification {unknown}
 I - a potion of ambrosia
 K - a potion of magic
 O - a potion of flight
Books
 d - a book of Minor Magic

   Spells                             Type                      Level
   a - Magic Dart                     Conjuration                  1
   b - Blink                          Translocation                2
   c - Call Imp                       Summoning                    2
   d - Slow                           Hexes                        2
   e - Conjure Flame                  Conjuration/Fire             3
   f - Mephitic Cloud                 Conjuration/Poison/Air       3
Comestibles
 c - 8 bread rations
 D - 6 chunks of flesh


   Skills:
 + Level 11.9 Fighting
 - Level 7.5(8.5) Short Blades
 * Level 6.6(8.5) Long Blades
 - Level 7.7 Axes
 + Level 9.2 Armour
 - Level 2.4 Dodging
 - Level 1.5 Stealth
 + Level 7.2 Invocations


You had 10 spell levels left.
You didn't know any spells.

Dungeon Overview and Level Annotations

Branches:
Dungeon (9/15)             Temple (0/1) D:6
   Lair: D:8-11         Orc: D:9-12

Altars:
Cheibriados
Fedhas
Nemelex Xobeh
Okawaru
Qazlal
Ru
Sif Muna
The Shining One


Innate Abilities, Weirdness & Mutations

You have sharp toenails.
Your system is resistant to poisons. (rPois)


Message History

* * * LOW HITPOINT WARNING * * *
You are more poisoned.
The queen ant poisons you!
* * * LOW HITPOINT WARNING * * *
You feel extremely sick. What are your orders? t - Shout!
Orders for allies: a - Attack new target. r - Retreat! s - Stop attacking. g - Guard the area. f - Follow me.
Anything else - Cancel.
Okay, then.
It was a potion of resistance.
You feel protected.
* * * LOW HITPOINT WARNING * * *
You feel extremely sick.
The queen ant stings you but does no damage.
It was a potion of mutation.
You feel extremely strange.
Your toenails lengthen and sharpen.
You feel resistant to poisons.
You die...

...................
............._.....
#...........................
#........#.......###........
#........#.......#..........
#........#########..........
#........#..................
#........#.................>
#........#.@................
###........#a............#####
.........................#....
....##.##†...#######.....#....
.. ###.#.........#.....#....
#.##........#.......... ..
#........#.......... ...
#........#.....##### ....
#........#..........


You could see a queen ant.

Vanquished Creatures
  3 two-headed ogres
  Pikel (D:5)
  The ghost of runt the Chiller, a novice DrIE of Ashenzari (D:7)
  Grinder (D:6)
  9 yaks
  Sigmund (D:3)
  Eustachio (D:4)
  17 soldier ants (D:9)
  Duvessa (D:5)
  An orc warrior (D:9)
  4 phantoms
  4 ogres
  A slave (D:5)
  3 ice beasts
  A centaur (D:5)
  The ghost of runt the Chiller, an amateur DrIE (D:3)
  2 bullfrogs (D:6)
  Dowan (D:5)
  3 scorpions
  A howler monkey (D:4)
  A crimson imp (D:7)
  A quasit (D:6)
  Crazy Yiuf (D:6)
  3 bullfrog skeletons
  6 hounds
  2 jellies
  A centaur skeleton (D:6)
  4 orc wizards
  A gnoll shaman (D:9)
  Terence (D:3)
  Jessica (D:6)
  25 worker ants
  A hound skeleton (D:4)
  15 adders
  15 gnolls
  3 shadow imps
  3 oozes
  An adder zombie (D:9)
  4 dart slugs
  9 leopard geckos
  27 orcs
  2 ball pythons
  4 giant cockroaches
  14 hobgoblins
  10 jackals
  4 quokkas
  6 bats
  7 frilled lizards
  7 goblins
  6 kobolds
  A leopard gecko skeleton (D:6)
  8 rats
251 creatures vanquished.

Vanquished Creatures (others)
  2 slaves (D:6)
2 creatures vanquished.

Grand Total: 253 creatures vanquished

Notes
Turn   | Place    | Note
-------+----------+-------------------------------------------
     0 | D:1      | Drevant the Hill Orc Monk began the quest for the Orb.
     0 | D:1      | Reached XP level 1. HP: 19/19 MP: 1/1
   152 | D:1      | Reached XP level 2. HP: 27/27 MP: 2/2
   344 | D:1      | Reached skill level 1 in Armour
   469 | D:1      | Reached skill level 4 in Fighting
   469 | D:1      | Reached XP level 3. HP: 29/33 MP: 3/3
   710 | D:2      | Reached skill level 5 in Axes
   902 | D:2      | Reached XP level 4. HP: 40/40 MP: 4/4
  1492 | D:3      | Noticed runt's ghost (amateur DrIE)
  1597 | D:3      | Reached XP level 5. HP: 42/47 MP: 5/5
  1969 | D:3      | Noticed Sigmund
  2344 | D:3      | Noticed Grinder
  2882 | D:4      | Noticed an ogre
  3266 | D:3      | Paralysed by Grinder for 2 turns
  3992 | D:4      | Reached XP level 6. HP: 11/55 MP: 6/6
  4182 | D:4      | Reached skill level 5 in Fighting
  4707 | D:4      | Noticed an ice beast
  4750 | D:4      | Killed an ice beast
  4753 | D:4      | Got a shimmering dagger
  4754 | D:4      | Identified the +8 dagger "Xelu" {venom, rPois rN+ Dex-5} (You found it on level 4 of the Dungeon)
  4871 | D:4      | Reached XP level 7. HP: 61/61 MP: 7/7
  4907 | D:4      | Reached skill level 1 in Short Blades
  4948 | D:4      | Found a snail-covered altar of Cheibriados.
  4949 | D:4      | Found an iron altar of Okawaru.
  5223 | D:4      | Noticed Eustachio
  5232 | D:4      | Killed Eustachio
  5232 | D:4      | Reached skill level 6 in Fighting
  5475 | D:3      | Reached XP level 8. HP: 64/70 MP: 8/8
  5491 | D:3      | Killed Sigmund
  5567 | D:3      | Noticed Terence
  5577 | D:3      | Killed Terence
  5717 | D:3      | Killed runt's ghost
  5717 | D:3      | Reached skill level 5 in Armour
  6199 | D:5      | Entered Level 5 of the Dungeon
  6437 | D:5      | Reached skill level 7 in Fighting
  6441 | D:5      | Reached skill level 5 in Short Blades
  6495 | D:5      | Noticed Duvessa
  6500 | D:5      | Noticed Dowan
  6532 | D:5      | Killed Duvessa
  7316 | D:5      | Killed Dowan
  7316 | D:5      | Reached XP level 9. HP: 79/79 MP: 9/9
  7363 | D:6      | Noticed Pikel
  7418 | D:5      | Killed Pikel
  7418 | D:5      | Reached skill level 8 in Fighting
  7702 | D:6      | Noticed Jessica
  7706 | D:6      | Killed Jessica
  7713 | D:6      | Found a deep blue altar of Sif Muna.
  7813 | D:6      | Found a runed door.
  7866 | D:6      | Became a worshipper of Beogh the Brigand
  7866 | D:6      | Reached * piety under Beogh
  7866 | D:6      | Reached ** piety under Beogh
  7877 | D:6      | Reached skill level 9 in Fighting
  8225 | D:6      | Found a staircase to the Ecumenical Temple.
  8279 | D:6      | Killed Grinder
  8279 | D:6      | Reached skill level 1 in Invocations
  8594 | D:6      | Noticed Crazy Yiuf
  8601 | D:6      | Killed Crazy Yiuf
  9116 | D:7      | Noticed runt's ghost (novice DrIE)
  9167 | D:7      | Killed runt's ghost
  9167 | D:7      | Reached skill level 10 in Fighting
  9167 | D:7      | Reached XP level 10. HP: 21/93 MP: 10/12
  9994 | D:8      | Noticed a two-headed ogre
 10095 | D:8      | Killed a two-headed ogre
 10327 | D:8      | Got an ancient long sword
 10328 | D:8      | Identified the +10 long sword "Jusee" {flame, MR- Dex+5 Stlth+} (You found it on level 8 of the Dungeon)
 10457 | D:8      | Noticed a two-headed ogre
 10464 | D:8      | Killed a two-headed ogre
 10464 | D:8      | Reached skill level 11 in Fighting
 10506 | D:8      | Found a sacrificial altar of Ru.
 10545 | D:8      | Found an iron altar of Okawaru.
 10563 | D:8      | Found a blossoming altar of Fedhas.
 10780 | D:9      | Reached skill level 5 in Invocations
 10798 | D:9      | Found a sparkling altar of Nemelex Xobeh.
 10993 | D:9      | Found a stormy altar of Qazlal.
 11114 | D:9      | Reached *** piety under Beogh
 11136 | D:9      | Noticed a two-headed ogre
 11142 | D:9      | Killed a two-headed ogre
 11418 | D:9      | Found a glowing golden altar of the Shining One.
 11506 | D:9      | Reached XP level 11. HP: 92/102 MP: 15/15
 11584 | D:9      | Reached skill level 5 in Long Blades
 14028 | D:9      | Noticed a queen ant
 14197 | D:9      | Gained mutation: You have sharp toenails. [potion of mutation]
 14197 | D:9      | Gained mutation: Your system is resistant to poisons. (rPois) [potion of mutation]
 14197 | D:9      | Succumbed to a queen ant's poison

Vault maps used:
D:1:      kennysheep_arrival_forest
D:2:      first_bread
D:3:      minmay_misc_feat_four_crosses, guppyfry_early_orc_mine, uniq_terence,
          uniq_grinder, uniq_sigmund
D:4:      minitemple, minmay_misc_feat_enclosed, serial_bayou_pond_d,
          uniq_eustachio
D:5:      uniq_duvessa
D:6:      tgw_sif, minmay_temple_entry_junction, uniq_crazy_yiuf_cottage,
          uniq_pikel
D:7:      grunt_ogre_cave
D:8:      old_standard_altar, basic_altar, nicolae_ru_the_path_less_chosen
D:9:      marbit_many_paths, lemuel_round_altar, basic_altar, hex_tiny,
          minivault_29

Skill      XL: |  1  2  3  4  5  6  7  8  9 10 11 |
---------------+----------------------------------+-----
Armour         | 1 2 3 4 5 7 8 9 |  9.2
Fighting       | 4 5 6 7 10 11 | 11.9
Axes           | 5 6 7 |  7.7
Short Blades   | 3 5 7 |  7.5
Invocations    | 3 5 7 |  7.2
Long Blades    | 4 6 |  6.6
Dodging        | |  2.4
Stealth        | |  1.5

Action                   |  1- 3 |  4- 6 |  7- 9 | 10-12 || total
-------------------------+-------+-------+-------+-------++-------
Melee: Hand axe          |   110 |   272 |       |       ||   382
       Dagger            |       |     3 |   346 |    49 ||   398
       Long sword        |       |       |       |   254 ||   254
Throw: Stone             |       |       |       |     1 ||     1
Invok: Convert to Beogh  |       |       |     1 |       ||     1
Evoke: Wand              |       |       |       |    12 ||    12
  Use: Potion            |       |     5 |     4 |     5 ||    14
       Scroll            |       |     2 |       |     2 ||     4
  Eat: Chunk             |       |     8 |    10 |     5 ||    23
       Fruit             |       |     4 |       |       ||     4
       Royal jelly       |       |     1 |     1 |     1 ||     3
       Meat ration       |       |       |       |     2 ||     2
Armor: Ring mail         |     5 |       |       |       ||     5
       Scale mail        |    34 |    86 |       |       ||   120
       Chain mail        |       |    52 |   153 |   167 ||   372
Dodge: Dodged            |    63 |   118 |    84 |   131 ||   396
       Rpst.: Long sword |       |       |       |    34 ||    34

Table legend:
 A = Spawn XP
 B = Non-spawn XP
 C = Spawn XP percentage of total XP
 D = Spawn monster count
 E = Non-spawn monster count
 F = Spawn count percentage of total count
 G = Total turns spent on level
                    A         B        C        D         E        F      G
               +---------+---------+-------+---------+---------+-------+---------
         Total |       0 |   13989 |   0.0 |       0 |     250 |   0.0 | 14197
               +---------+---------+-------+---------+---------+-------+---------
           D:1 |       0 |      39 |   0.0 |       0 |      23 |   0.0 |   660
           D:2 |       0 |     110 |   0.0 |       0 |      34 |   0.0 |  2424
           D:3 |       0 |     558 |   0.0 |       0 |      33 |   0.0 |  1475
           D:4 |       0 |     924 |   0.0 |       0 |      21 |   0.0 |  1869
           D:5 |       0 |    1444 |   0.0 |       0 |      19 |   0.0 |  1205
           D:6 |       0 |    1285 |   0.0 |       0 |      28 |   0.0 |  1457
           D:7 |       0 |    1007 |   0.0 |       0 |       7 |   0.0 |   938
           D:8 |       0 |    2420 |   0.0 |       0 |      20 |   0.0 |  1277
           D:9 |       0 |    6202 |   0.0 |       0 |      65 |   0.0 |  2892
               +---------+---------+-------+---------+---------+-------+---------
